 Dungeon Crawl Stone Soup version 0.26-a0-466-g989023bd0d (webtiles) character file.

Game seed: 17942444588018956754

2151 Apogee the Cleaver (level 9, 0/82 HPs)
             Began as a Deep Dwarf Fighter on Aug 1, 2020.
             Was a Follower of Makhleb.
             Slain by a black mamba (7 damage)
             ... on level 7 of the Dungeon.
             The game lasted 00:07:54 (3213 turns).

Apogee the Cleaver (Deep Dwarf Fighter)             Turns: 3213, Time: 00:07:55

Health: 0/82       AC: 11    Str: 24    XL:     9   Next: 10%
Magic:  0/0        EV:  6    Int:  8    God:    Makhleb [*.....]
Gold:   481        SH: 11    Dex: 12    Spells: 8/8 levels left

rFire    . . .     SeeInvis .   a - +0 war axe
rCold    . . .     Faith    .   c - +0 kite shield
rNeg     . . .     Spirit   .   D - +0 chain mail
rPois    .         Reflect  .   w - +0 helmet
rElec    .         Harm     .   (no cloak)
rCorr    +                      (no gloves)
MR       +....                  (no boots)
Stlth    ..........             (no amulet)
HPRegen  0.00/turn              j - ring of resist corrosion
MPRegen  0.07/turn              (no ring)

@: mighty, non-regenerating
A: damage resistance, heal wounds, sense surroundings 2, no regeneration
a: Heal Wounds, Renounce Religion


You were on level 7 of the Dungeon.
You worshipped Makhleb.
Makhleb was aware of your devotion.
You visited 2 branches of the dungeon, and saw 8 of its levels.

You collected 481 gold pieces.

Inventory:

Hand Weapons
 a - a +0 war axe (weapon)
 y - the +2 falchion of the Beginning {vamp, rF+++ MR- Int+4, unknown}
   (You found it on level 6 of the Dungeon)

   It inflicts no extra harm, but heals its wielder when it wounds a living foe.
   It affects your intelligence (+4).
   It renders you almost immune to fire.
   It affects your resistance to hostile enchantments.
Missiles
 A - 3 throwing nets (quivered) {!f}
Armour
 b - a +0 scale mail
 c - a +0 kite shield (worn)
 n - a cursed +0 helmet
   (You took it off Robin on level 4 of the Dungeon)
 w - a +0 helmet (worn)
   (You found it on level 5 of the Dungeon)
 D - a +0 chain mail (worn)
   (You took it off an orc on level 6 of the Dungeon)
Jewellery
 j - a ring of resist corrosion (left hand)
   (You found it on level 1 of the Dungeon)
 s - an uncursed amulet of guardian spirit {unknown}
   (You found it on level 4 of the Dungeon)
Wands
 o - a wand of polymorph (1)
   (You found it on level 4 of the Dungeon)
Scrolls
 e - a scroll of enchant armour {unknown}
 f - 2 scrolls of enchant weapon {unknown}
 g - 7 scrolls of identify {unknown}
 h - 5 scrolls of teleportation {unknown}
 i - 3 scrolls of amnesia {unknown}
 k - 2 scrolls of remove curse {unknown}
 l - a scroll of magic mapping {unknown}
 m - a scroll of noise {unknown}
 u - a scroll of blinking {unknown}
 z - 2 scrolls of fear {unknown}
 C - a scroll of fog {unknown}
Potions
 d - a potion of might
 p - 2 potions of degeneration {unknown}
 q - a potion of brilliance {unknown}
 r - a potion of ambrosia {unknown}
 t - 3 potions of curing {@q1}
 v - 2 potions of heal wounds {unknown}
 x - a potion of flight {unknown}
 B - a potion of stabbing {unknown}


   Skills:
 + Level 5.6 Fighting
 * Level 8.6 Axes
 + Level 6.6 Armour
 + Level 6.7 Shields


You had 8 spell levels left.
You didn't know any spells.
Your spell library contained the following spells:

 Spells                   Type           Power        Failure   Level
 Animate Skeleton         Necr           #.....       100%        1
 Apportation              Tloc           #.....       100%        1
 Corona                   Hex            #......      100%        1
 Summon Small Mammal      Summ           #...         100%        1
 Cause Fear               Hex            #.........   100%        4
 Silence                  Hex/Air        #.........   100%        5
 Yara's Violent Unravell  Hex/Tmut       #.........   100%        5
 Discord                  Hex            #.........   100%        8


Dungeon Overview and Level Annotations

Branches:
Dungeon (7/15)             Temple (1/1) D:5

Altars:
Ashenzari
Cheibriados
Dithmenos
Elyvilon
Fedhas
Kikubaaqudgha
Makhleb
Nemelex Xobeh
Okawaru
Ru
Sif Muna
Uskayaw
Vehumet
Wu Jian
Xom
Zin
The Shining One


Innate Abilities, Weirdness & Mutations

You are resistant to damage.
You can heal yourself by infusing magical energy.
You passively map the area around you.
You do not regenerate.


Message History

Your magical essence is drained by the effort!
You feel much better.
You feel very sick. You block the black mamba's attack.
The black mamba bites you but does no damage.
The black mamba bites you!
* * * LOW HITPOINT WARNING * * *
You are lethally poisoned!
The black mamba poisons you!
You hit the black mamba.
* * * LOW HITPOINT WARNING * * *
You feel extremely sick. The black mamba bites you!
* * * LOW HITPOINT WARNING * * *
The black mamba bites you but does no damage.
You block the black mamba's attack.
You miss the black mamba.
* * * LOW HITPOINT WARNING * * *
You feel extremely sick.
The black mamba bites you but does no damage. x2
You block the black mamba's attack.
Unknown command.
Your magical essence is drained by the effort!
You feel much better.
* * * LOW HITPOINT WARNING * * *
You feel very sick. The black mamba completely misses you.
You block the black mamba's attack. The black mamba closely misses you.
Unknown command.
You slash the black mamba!
You feel yourself speed up.
* * * LOW HITPOINT WARNING * * *
You feel very sick. The black mamba bites you. The black mamba bites you!
* * * LOW HITPOINT WARNING * * *
You block the black mamba's attack.
Unknown command.
Unknown command.
You don't have enough innate magic capacity.
You barely miss the black mamba.
* * * LOW HITPOINT WARNING * * *
You feel very sick. The black mamba barely misses you.
The black mamba bites you but does no damage.
The black mamba bites you.
Unknown command.
It was a potion of curing.
You feel better. The black mamba bites you!
* * * LOW HITPOINT WARNING * * *
You barely miss the black mamba. The black mamba bites you!
You die...

* * #.# ** ####
#.# , ..# #.# * *
** #.# #.# ##.##
###.#
####...###.#.#
#!...#.......####*
#.##...#)#.#......
#@###.#†()....####
#######S#
#.##.#.#..#
#.....cS#
#..........#
#!#####o#
####.#.##..# ...
#.#.#,...., ....8,
#.... .#.##
....... *###.#. ##
, ......... ,
.##.**
,...(......# *


You could see a black mamba, a centaur, an adder and an orc.

Vanquished Creatures
  Menkaure (D:6)
  An ice beast (D:3)
  A phantom (D:7)
  2 sky beasts (D:6)
  2 black bears (D:6)
  2 necrophages (D:5)
  An ogre (D:4)
  2 centaurs
  2 bullfrogs (D:6)
  2 scorpions
  A bullfrog zombie (D:6)
  A centaur zombie (D:6)
  3 hounds
  2 jellies
  A centaur skeleton (D:4)
  3 iguanas
  6 orc wizards
  4 worker ants
  Robin (D:4)
  A howler monkey zombie (D:7)
  14 gnolls
  7 adders
  A howler monkey skeleton (D:4)
  A white imp (D:5)
  4 oozes
  An adder zombie (D:6)
  4 worms
  A dart slug (D:4)
  19 orcs
  7 bats
  2 giant cockroaches
  12 goblins
  5 hobgoblins
  11 jackals
  2 quokkas
  7 frilled lizards
  5 kobolds
  A leopard gecko skeleton (D:5)
  A quokka skeleton (D:5)
  4 rats
148 creatures vanquished.

Notes
Turn   | Place    | Note
-------+----------+-------------------------------------------
     0 | D:1      | Apogee the Deep Dwarf Fighter began the quest for the Orb.
     0 | D:1      | Reached XP level 1. HP: 20/20 MP: 1/1
   250 | D:2      | Reached XP level 2. HP: 25/27 MP: 2/2
   323 | D:2      | Reached skill level 3 in Axes
   323 | D:2      | Reached XP level 3. HP: 28/34 MP: 3/3
   407 | D:2      | Reached XP level 4. HP: 42/42 MP: 4/4
   458 | D:3      | Reached skill level 4 in Axes
   458 | D:3      | Reached XP level 5. HP: 49/49 MP: 5/5
   505 | D:3      | Found a hide-covered altar of Uskayaw.
   566 | D:3      | Noticed an ice beast
   577 | D:3      | Killed an ice beast
   577 | D:3      | Reached XP level 6. HP: 31/57 MP: 6/6
   603 | D:3      | Found a shimmering blue altar of Sif Muna.
   964 | D:4      | Noticed Robin
   989 | D:3      | Reached skill level 5 in Axes
  1020 | D:4      | Killed Robin
  1126 | D:4      | Reached XP level 7. HP: 41/64 MP: 6/6
  1433 | D:5      | Entered Level 5 of the Dungeon
  1479 | D:5      | Reached skill level 5 in Shields
  1532 | D:5      | Found a staircase to the Ecumenical Temple.
  1538 | Temple   | Entered the Ecumenical Temple
  1678 | Temple   | Became a worshipper of Makhleb the Destroyer
  1722 | D:5      | Reached skill level 5 in Armour
  1766 | D:5      | Reached skill level 6 in Axes
  2134 | D:5      | Reached XP level 8. HP: 46/73 MP: 6/6
  2322 | D:6      | Reached skill level 7 in Axes
  2324 | D:6      | Got a crude falchion
  2376 | D:6      | Reached * piety under Makhleb
  2428 | D:6      | Reached skill level 5 in Fighting
  2580 | D:6      | Noticed Menkaure
  2621 | D:6      | Killed Menkaure
  2621 | D:6      | Reached skill level 8 in Axes
  3130 | D:7      | Gained mutation: You passively map the area around you.
                  | [Deep Dwarf growth]
  3130 | D:7      | Reached XP level 9. HP: 65/81 MP: 6/6
  3169 | D:7      | Paralysed by a hornet for 3 turns
  3178 | D:7      | Paralysed by a hornet for 2 turns
  3190 | D:7      | Paralysed by a hornet for 3 turns
  3200 | D:7      | Noticed a black mamba
  3200 | D:7      | a hornet changed into a black mamba
  3213 | D:7      | Slain by a black mamba

Illustrated notes

Levels and vault maps discovered:
D:1:      dpeg_arrival_round_c, layout_loops_corners, minmay_misc_feat_iff,
          minmay_misc_feat_four_crosses
D:2:      layout_loops_ring
D:3:      layout_rooms, eat_drink_and_be_merry_uskayaw, serial_forest,
          infiniplex_forest_fountain, infiniplex_forest_clump_curved,
          infiniplex_forest_clump_C, infiniplex_forest_clump_curved,
          infiniplex_forest_pool, infiniplex_forest_straight_2,
          infiniplex_forest_straight_4, led_sif_pool
D:4:      layout_rooms, uniq_robin
D:5:      layout_basic, minmay_temple_entry_offerings, corexii_leaking_fountain
D:6:      layout_loops_ring, chequers_serial_rivers_small_b, uniq_menkaure
D:7:      layout_loops_ring, st_stairs_1
Temple:   roderic_octagonal_lattice_temple

Skill      XL: |  1  2  3  4  5  6  7  8 |
---------------+-------------------------+-----
Fighting       | 3 4 5 |  5.6
Axes           | 3 4 5 6 8 |  8.6
Armour         | 4 5 6 |  6.6
Shields        | 4 5 6 |  6.7

Action                   |  1- 3 |  4- 6 |  7- 9 || total
-------------------------+-------+-------+-------++-------
Melee: War axe           |    67 |   173 |   300 ||   540
 Abil: Heal Wounds       |     1 |     3 |    23 ||    27
Evoke: Wand              |       |       |     4 ||     4
  Use: Potion            |       |       |     2 ||     2
Armor: Scale mail        |    26 |    96 |    78 ||   200
       Chain mail        |       |       |    43 ||    43
Dodge: Dodged            |    26 |    83 |    73 ||   182
Block: Kite shield       |    28 |   111 |   190 ||   329

Table legend: (Time is in decaauts)
 A = Elapsed time spent in this place.
 B = Non-inter-level travel time spent in this place.
 C = Inter-level travel time spent in this place.
 D = Time resting spent in this place.
 E = Time spent auto-exploring this place.
 F = Levels seen in this place.
 G = Mean time per level.
                   A        B        C        D        E       F      G
               +--------+--------+--------+--------+--------+-----+--------+
         Total |   3393 |   3286 |    107 |      3 |   2073 |   8 |  424.1 |
       Dungeon |   3234 |   3144 |     90 |      3 |   1937 |   7 |  462.0 |
        Temple |    158 |    141 |     17 |      0 |    136 |   1 |  158.0 |
               +--------+--------+--------+--------+--------+-----+--------+

Top non-repeatable levels by time:
     D:6: 867 daAuts
     D:5: 677 daAuts
     D:3: 636 daAuts
     D:4: 453 daAuts
     D:1: 249 daAuts
     D:2: 194 daAuts
  Temple: 158 daAuts
     D:7: 156 daAuts
